 Dungeon Crawl Stone Soup version 0.30-a0-824-g6c64550be9 (webtiles) character file.

Game seed: 14785069175173418840

41 cforsyth the Sneak (level 3, -3/22 HPs)
             Began as a Kobold Brigand on Feb 28, 2023.
             Killed by nerve-wracking pain
             ... invoked by Jessica
              (5 damage)
             ... on level 2 of the Dungeon.
             The game lasted 00:01:07 (1060 turns).

cforsyth the Sneak (Kobold Brigand)                 Turns: 1060, Time: 00:01:07

Health: -3/22      AC:  3    Str:  8    XL:     3   Next: 75%
Magic:  3/3        EV: 15    Int: 12    God:
Gold:   42         SH:  0    Dex: 18    Spells: 2/2 levels left

rFire   . . .      SeeInvis .    a - +2 dagger
rCold   . . .      Faith    .    (no shield)
rNeg    . . .      Spirit   .    b - +0 robe
rPois   .          Reflect  .    (no helmet)
rElec   .          Harm     .    c - +0 cloak
rCorr   .          Rampage  .    (no gloves)
Will    .....                    (no boots)
Stlth   ++++                     (no amulet)
HPRegen 0.23/turn                (no ring)
MPRegen 0.08/turn                (no ring)

@: slowed, very slow
A: small, no large weapons, nightstalker 3
a: no special abilities


You were on level 2 of the Dungeon.
You visited 1 branch of the dungeon, and saw 2 of its levels.

You collected 42 gold pieces.

Inventory:

Hand Weapons
 a - a +2 dagger (weapon)
Missiles
 d - 9 poisoned darts (quivered)
 e - 3 curare-tipped darts
Armour
 b - a +0 robe (worn)
 c - a +0 cloak (worn)
Wands
 n - a wand of polymorph (10)
Scrolls
 g - a scroll of enchant weapon {unknown}
 h - 3 scrolls of noise {unknown}
 j - a scroll of fear {unknown}
 l - a scroll of amnesia {unknown}
 m - a scroll of poison {unknown}
 p - a scroll of blinking {unknown}
 q - a scroll of teleportation {unknown}
 r - a scroll of immolation {unknown}
Potions
 f - a potion of flight {unknown}
 i - a potion of ambrosia {unknown}
 k - 2 potions of lignification {unknown}
 o - a potion of curing {unknown}


   Skills:
 + Level 2.8 Fighting
 + Level 3.4 Short Blades
 - Level 2.1 Throwing
 + Level 2.2 Dodging
 + Level 5.8 Stealth


You had 2 spell levels left.
You didn't know any spells.
Your spell library contained the following spells:

 Spells                   Type           Power      Damage    Failure   Level
 Necrotise                Necr           0%         1d4       32%         1
 Vampiric Draining        Necr           0%         2d6       69%         3
 Agony                    Necr           0%         N/A       100%        5


Dungeon Overview and Level Annotations

Branches:
Dungeon (2/15)

Altars:

Shops:
D:2 *

Annotations:
D:2 Jessica


Innate Abilities, Weirdness & Mutations

You are small and have problems with some larger weapons.
You are completely attuned to the shadows.


Message History

Jessica is almost dead.
Jessica grins evilly.
Jessica barely misses you. The goblin hits you but does no damage.
Jessica hits you but does no damage.
You completely miss Jessica.
Jessica is almost dead.
Jessica casts a spell.
Jessica blinks!
The goblin misses you.
Jessica points at you and mumbles some strange words.
Pain shoots through your body!
You are too injured to fight recklessly!
You are too injured to fight recklessly!
You are too injured to fight recklessly!
You are too injured to fight recklessly!
You are too injured to fight recklessly!
You are too injured to fight recklessly!
You are too injured to fight recklessly!
You hit the goblin.
The goblin is heavily wounded.
The goblin hits you with a +0 club.
Unknown command.
Jessica gestures wildly while chanting.
Jessica blinks!
The goblin misses you. The goblin attacks as you move away!
The goblin barely misses you.
Jessica gestures wildly while chanting.
Jessica blinks!
You hit the goblin but do no damage.
The goblin is heavily wounded.
The goblin closely misses you. The goblin barely misses you.
You closely miss the goblin.
The goblin is heavily wounded.
The goblin completely misses you.
You hit the goblin.
You kill the goblin!
Jessica points at you and mumbles some strange words.
Pain shoots through your body!
* * * LOW HITPOINT WARNING * * *
Jessica gestures at you while chanting. Pain shoots through your body!
You die...

....# #...# #..ยง#
##.).##### .[..@)@..#
##...###.# #...# #.#
#.<.# #.#
#....#...###.##
#..#.#...##...##
#..#.#...........
..###..#.#..###...###
....................


You could see Jessica (fast, resistant).

Vanquished Creatures
  An adder (D:2)
  3 dart slugs
  2 bats
  3 endoplasms
  A giant cockroach (D:1)
  A hobgoblin (D:2)
  3 ball pythons (D:2)
  2 frilled lizards (D:1)
  5 goblins
  3 kobolds
  5 rats
29 creatures vanquished.

Notes
Turn   | Place    | Note
-------+----------+-------------------------------------------
     0 | D:1      | cforsyth the Kobold Brigand began the quest for the Orb.
     0 | D:1      | Reached XP level 1. HP: 12/12 MP: 1/1
   195 | D:1      | Found a faded altar of an unknown god.
   207 | D:1      | Reached XP level 2. HP: 17/18 MP: 2/2
   824 | D:2      | Reached XP level 3. HP: 22/22 MP: 3/3
   928 | D:2      | Found Nimelyge's General Store.
  1043 | D:2      | Noticed Jessica
  1060 | D:2      | Killed from afar by Jessica

Illustrated notes

Levels and vault maps discovered:
D:1:      sevenhm_arrival_forest_fort_small_5, layout_loops_cross,
          basic_ecumenical_altar, minmay_misc_feat_tower
D:2:      layout_loops_ring, serial_shops, shop, minmay_tromino_v7,
          uniq_jessica, uniq_terence, uniq_crazy_yiuf_cottage

Skill      XL: |  1  2  3 |
---------------+----------+-----
Short Blades   | 3 |  3.4
Dodging        | 2 |  2.2
Fighting       | |  2.8
Throwing       | |  2.1
Stealth        | |  5.8

Action                     || total
---------------------------++-------
  Melee: Dagger            ||    67
   Stab: Sleeping          ||    11
 Armour: Robe              ||    10
  Dodge: Dodged            ||    35

Table legend: (Time is in decaauts)
 A = Elapsed time spent in this place.
 B = Non-inter-level travel time spent in this place.
 C = Inter-level travel time spent in this place.
 D = Time resting spent in this place.
 E = Time spent auto-exploring this place.
 F = Levels seen in this place.
 G = Mean time per level.
                   A        B        C        D        E       F      G
               +--------+--------+--------+--------+--------+-----+--------+
         Total |   1059 |   1026 |     33 |      0 |    863 |   2 |  529.5 |
       Dungeon |   1059 |   1026 |     33 |      0 |    863 |   2 |  529.5 |
               +--------+--------+--------+--------+--------+-----+--------+

Top non-repeatable levels by time:
     D:1: 801 daAuts
     D:2: 258 daAuts
